 Dungeon Crawl Stone Soup version 0.28.0-53-g5a82cb258f (webtiles) character file.

Game seed: 6358244145744420161

353 cbfl8 the Chopper (level 6, -10/49 HPs)
             Began as a Demonspawn Berserker on July 17, 2022.
             Was a Believer of Trog.
             Killed from afar by Ijyb (35 damage)
             ... with a bolt of acid
             ... on level 3 of the Dungeon.
             The game lasted 00:02:37 (3098 turns).

cbfl8 the Chopper (Demonspawn Berserker)            Turns: 3098, Time: 00:02:37

Health: -10/49     AC:  9    Str: 19    XL:     6   Next: 35%
Magic:  15/15      EV:  8    Int:  8    God:    Trog [**....]
Gold:   108        SH:  4    Dex: 13    Spells: 5/5 levels left

rFire   . . .      SeeInvis .   a - +0 hand axe
rCold   . . .      Faith    .   (no shield)
rNeg    . . .      Spirit   .   d - +0 chain mail
rPois   .          Reflect  .   (no helmet)
rElec   .          Harm     .   (no cloak)
rCorr   .          Rampage  .   m - +2 pair of gloves {hurl}
Will    .....                   i - +0 pair of boots
Stlth   ..........              (no amulet)
HPRegen 0.16/turn               c - ring of magical power
MPRegen 0.28/turn               (no ring)

@: corroded
A: magic regeneration, condensation shield, weakness stinger 2
a: Renounce Religion, Berserk, Trog's Hand


You were on level 3 of the Dungeon.
You worshipped Trog.
Trog was pleased with you.
You visited 1 branch of the dungeon, and saw 3 of its levels.

You collected 108 gold pieces.

Inventory:

Hand Weapons
 a - a +0 hand axe (weapon)
Armour
 b - a +0 animal skin
 d - a +0 chain mail (worn)
 i - a +0 pair of boots (worn)
 m - a +2 pair of gloves of hurling (worn)
Jewellery
 c - a ring of magical power (left hand)
Scrolls
 h - 3 scrolls of identify {unknown}
 k - a scroll of fear {unknown}
 l - a scroll of amnesia {unknown}
 o - a scroll of vulnerability {unknown}
 p - a scroll of teleportation {unknown}
Potions
 e - a potion of degeneration {unknown}
 f - a potion of berserk rage {unknown}
 g - 2 potions of curing {unknown}
 j - a potion of brilliance {unknown}
 n - a potion of flight {unknown}
 q - a potion of cancellation {unknown}


   Skills:
 + Level 4.4 Fighting
 + Level 4.7 Axes
 + Level 3.2 Armour
 + Level 2.3 Dodging
 + Level 0.4 Stealth


You had 5 spell levels left.
You didn't know any spells.
Your spell library was empty.

Dungeon Overview and Level Annotations

Branches:
Dungeon (3/15)

Altars:

Annotations:
D:3 Ijyb


Innate Abilities, Weirdness & Mutations

You regenerate magic rapidly.
A meltable shield of frost defends you. (SH +4)
You have a tail ending in a sharp stinger.


Message History

A goblin is nearby!
A goblin is nearby!
You closely miss the goblin.
The goblin hits you but does no damage. x2
A goblin is nearby!
You hit the goblin.
You kill the goblin!
Trog accepts your kill.
You see here a +0 club.
A giant cockroach comes into view.
A giant cockroach is nearby!
A giant cockroach is nearby!
The giant cockroach closely misses you.
The giant cockroach bites you but does no damage.
A giant cockroach is nearby!
You slash the giant cockroach!
You kill the giant cockroach!
Trog accepts your kill.
Ijyb the Twisted Goblin comes into view.
She is wielding a +0 dagger and carrying a wand of acid (4).
Ijyb shouts!
Ijyb zaps a wand.
The bolt of acid hits you!
Ijyb is nearby!
Ijyb is nearby!
Ijyb is nearby!
You hit Ijyb.
Ijyb is lightly wounded.
Ijyb hits you but does no damage.
Ijyb is nearby!
You barely miss Ijyb.
Ijyb is lightly wounded.
Ijyb barely misses you.
Ijyb is nearby!
You slash Ijyb! You tail-slap Ijyb, but do no damage.
Ijyb is heavily wounded.
Ijyb zaps a wand.
The bolt of acid hits you! The acid corrodes you!
Ijyb is nearby!
You hit Ijyb but do no damage.
Ijyb is moderately wounded.
Ijyb zaps a wand.
The bolt of acid hits you!!
Ouch! That really hurt!
You die...

#.# #.# ### #.# #..
##.## #.# #...# #.#
#...# #.###### ###
#...###### #.##...#....
##........###...........
........†.#.....@g......
............###.........
............# #.........
##........#.# #....#....
#...######........# ...
#.#.# ###........ ##
#...# .######## ##.##
#.#


You could see Ijyb.

Vanquished Creatures
  Sigmund (D:2)
  Natasha (thrice) (D:2)
  An orc wizard (D:3)
  Robin (D:2)
  4 adders
  A worm (D:2)
  3 orcs (D:3)
  4 ball pythons
  6 endoplasms
  A giant cockroach (D:3)
  10 goblins
  7 hobgoblins (D:2)
  3 jackals (D:1)
  A kobold (D:2)
  2 bats (D:1)
  A rat (D:2)
49 creatures vanquished.

Notes
Turn   | Place    | Note
-------+----------+-------------------------------------------
     0 | D:1      | cbfl8 the Demonspawn Berserker began the quest for the Orb.
     0 | D:1      | Reached XP level 1. HP: 18/18 MP: 1/1
   528 | D:1      | Gained mutation: You regenerate magic rapidly. [demonic
                  | ancestry]
   528 | D:1      | Reached XP level 2. HP: 24/24 MP: 2/2
   645 | D:1      | Found a faded altar of an unknown god.
  1105 | D:2      | Noticed Robin
  1113 | D:2      | Reached XP level 3. HP: 24/30 MP: 3/3
  1116 | D:2      | Reached ** piety under Trog
  1121 | D:2      | Killed Robin
  1922 | D:2      | Gained mutation: You have a small tail. [demonic ancestry]
  1922 | D:2      | Reached XP level 4. HP: 37/37 MP: 4/4
  1976 | D:2      | Noticed Natasha
  1983 | D:2      | Killed Natasha
  2008 | D:2      | Noticed Natasha
  2016 | D:2      | Killed Natasha
  2265 | D:2      | Noticed Natasha
  2280 | D:2      | Killed Natasha
  2281 | D:2      | Gained mutation: A meltable shield of frost defends you.
                  | (SH +4) [demonic ancestry]
  2281 | D:2      | Reached XP level 5. HP: 16/42 MP: 5/5
  2478 | D:2      | Noticed Sigmund
  2485 | D:2      | Killed Sigmund
  2486 | D:2      | Gained mutation: You have a tail ending in a sharp stinger.
                  | [demonic ancestry]
  2486 | D:2      | Reached XP level 6. HP: 47/49 MP: 6/6
  3091 | D:3      | Noticed Ijyb
  3098 | D:3      | Killed from afar by Ijyb

Illustrated notes

Levels and vault maps discovered:
D:1:      dpeg_arrival_circle_labyrinth_c, layout_loops_ring,
          hellmonk_ecumenical_altar_heavens_door
D:2:      layout_rooms, uniq_sigmund, uniq_robin, uniq_natasha
D:3:      layout_loops_cross, minmay_misc_feat_tower, uniq_jessica, uniq_ijyb,
          uniq_grinder, uniq_terence

Skill      XL: |  1  2  3  4  5 |
---------------+----------------+-----
Axes           | 3 4 |  4.7
Dodging        | 2 |  2.3
Fighting       | 4 |  4.4
Armour         | 2 3 |  3.2
Stealth        | |  0.4

Action                   |  1- 3 |  4- 6 || total
-------------------------+-------+-------++-------
Melee: Hand axe          |    83 |    79 ||   162
       Tailslap          |       |    10 ||    10
       Punch             |       |     1 ||     1
Invok: Berserk           |     2 |     1 ||     3
Armor: Chain mail        |    44 |    55 ||    99
       Animal skin       |     4 |       ||     4
Dodge: Dodged            |    51 |    22 ||    73
Block: Other             |       |     7 ||     7
